 Dungeon Crawl Stone Soup version 0.28.0 (webtiles) character file.

Game seed: 5750584379728271425

126 Masnef the Magician (level 5, 0/37 HPs)
             Began as a Djinni Wanderer on Feb 14, 2022.
             Was a Believer of Jiyva.
             Slain by an orc (4 damage)
             ... on level 3 of the Dungeon.
             The game lasted 00:04:54 (4107 turns).

Masnef the Magician (Djinni Wanderer)               Turns: 4107, Time: 00:04:55

Health: 0/37       AC:  5    Str:  7    XL:     5   Next: 32%
Gold:   57         EV: 12    Int: 16    God:    Jiyva [**....] SH:  0 Dex: 16

rFire   + + .      SeeInvis .   a - +0 dagger
rCold   x . .      Faith    .   (no shield)
rNeg    . . .      Spirit   .   o - +1 robe of Untruth {rCorr}
rPois   ∞          Reflect  .   (no helmet)
rElec   .          Harm     .   r - +0 cloak
rCorr   +          Rampage  .   c - +0 pair of gloves
Will    .....                   (boots unavailable)
Stlth   +++.......              (no amulet)
HPRegen 1.08/turn               (no ring)
MPRegen 0.00/turn               (no ring)

@: flying
A: sickness immunity, fire resistance 2, cold vulnerability 1, float, innate
caster, HP casting, extra vitality 1
a: Renounce Religion


You were on level 3 of the Dungeon.
You worshipped Jiyva.
Jiyva was pleased with you.
You visited 1 branch of the dungeon, and saw 4 of its levels.

You collected 57 gold pieces.

Inventory:

Hand Weapons
 a - a +0 dagger (weapon)
 q - a +4 quarterstaff of chaos
Armour
 b - a +0 robe
 c - a +0 pair of gloves (worn)
 o - the +1 robe of Untruth (worn) {rCorr}
   (You found it on level 2 of the Dungeon)

   rCorr:     It protects you from acid and corrosion.
 r - a +0 cloak (worn)
Wands
 p - a wand of flame (25)
Scrolls
 d - 2 scrolls of vulnerability {unknown}
 f - 3 scrolls of magic mapping {unknown}
 h - a scroll of amnesia {unknown}
 j - a scroll of brand weapon {unknown}
 k - a scroll of noise {unknown}
 n - 2 scrolls of identify {unknown}
Potions
 e - 2 potions of mutation {unknown}
 g - a potion of attraction {unknown}
 i - a potion of brilliance {unknown}
 l - a potion of magic {unknown}
 m - 2 potions of degeneration {unknown}


   Skills:
 * Level 1.3 Fighting
 + Level 1.1 Short Blades
 + Level 1.5 Dodging
 + Level 3.7 Stealth
 + Level 4.0 Spellcasting
 - Level 1.0 Invocations


You couldn't memorise any spells.
You knew the following spells:

 Your Spells              Type           Power      Damage    Failure   Level
a - Pain                  Necr           64%        1d7       3%          1
b - Corpse Rot            Necr/Air       32%        N/A       4%          2
c - Animate Dead          Necr           8%         N/A       30%         4
d - Mephitic Cloud        Conj/Pois/Air  16%        N/A       10%         3
e - Sting                 Tmut/Pois      64%        1d6       3%          1
f - Beastly Appendage     Tmut           32%        N/A       3%          1
g - Call Imp              Summ           16%        N/A       4%          2

Your spell library contained the following spells:

 Spells                   Type           Power      Damage    Failure   Level


Dungeon Overview and Level Annotations

Branches:
Dungeon (4/15)
 Temple: D:4-7

Altars:
Cheibriados
Elyvilon
Jiyva


Innate Abilities, Weirdness & Mutations

You are immune to sickness and miasma.
You are immune to poison.
Your flesh is very heat resistant. (rF++)
You are vulnerable to cold. (rC-)
You float through the air rather than walking.
You learn spells naturally, not from books.
Your magical power is your life essence.
You have superior vitality. (+4 MHP)


Message History

The orc priest is heavily wounded.
The orc hits you but does no damage.
The orc priest calls down the wrath of Beogh upon you.
Pain shoots through your body!
You are too injured to fight recklessly!
Unknown command.
You are too injured to fight recklessly!
You are too injured to fight recklessly!
You are too injured to fight recklessly!
You are too injured to fight recklessly!
You are too injured to fight recklessly!
You are too injured to fight recklessly!
Casting: Pain (safe; 3% risk of failure)
Confirm with . or Enter, or press ? or * to list all spells.
Aiming: Pain (safe; 3% risk of failure)
Press: ? - help, Shift-Dir - straight line, f - orc priest
Aim: an orc priest, wielding a +0 club and wearing a +0 leather armour (heavily wounded, chance to affect: 73%)
The orc priest writhes in agony.
The orc hits you with a +0 flail!
* * * LOW HITPOINT WARNING * * *
The orc priest hits you with a +0 club.
* * * LOW HITPOINT WARNING * * *
Unknown command.
Casting: Pain (safe; 3% risk of failure)
Confirm with . or Enter, or press ? or * to list all spells.
Aiming: Pain (safe; 3% risk of failure)
Press: ? - help, Shift-Dir - straight line, f/p - orc priest
Aim: an orc priest, wielding a +0 club and wearing a +0 leather armour (heavily wounded, chance to affect: 73%)
The orc priest struggles to resist.
* * * LOW HITPOINT WARNING * * *
The orc closely misses you. The orc priest barely misses you.
Unknown command.
Casting: Pain (safe; 3% risk of failure)
Confirm with . or Enter, or press ? or * to list all spells.
Aiming: Pain (safe; 3% risk of failure)
Press: ? - help, Shift-Dir - straight line, f/p - orc priest
Aim: an orc priest, wielding a +0 club and wearing a +0 leather armour (heavily wounded, chance to affect: 73%)
The orc priest writhes in agony.
* * * LOW HITPOINT WARNING * * *
The orc hits you with a +0 flail.
You die...

#######.#######.#.# #.# #.### #.#
#.#.# #.# #..†. #.# #.#.# #J#
#.... ### #J# #.#.# #)# ##...
..#####.# ###.#.### #.# ##.#
........# #.......# #)#######.#
.############.....#.###.#....##.#
........J........o...J..#.##.....
.############...@.#.#####.#......
..........# #...o..J###...#.#####
#.#######.# ###.#.####.##...# #.#
#.# #.#.###.###.#.# ..# #.#
#..J..........# ..## #.#
###...#.##.##.# #..## #.#
###.##.#.#.## #.#>## #.#
#.###...## ..##.####.# #.# ##.##


You could see an orc priest, an orc, 2 neutral jellies(fellow slime) and a
neutral endoplasm (wandering)(fellow slime).

Vanquished Creatures
  A jelly (D:2)
  3 adders
  2 dart slugs
  2 orcs (D:3)
  6 endoplasms (D:1)
  3 giant cockroaches
  7 goblins
  3 hobgoblins
  5 jackals (D:1)
  6 kobolds
  4 quokkas
  3 ball pythons
  5 bats
  3 frilled lizards
  4 rats
57 creatures vanquished.

Vanquished Creatures (collateral kills)
  2 orcs (D:3)
2 creatures vanquished.

Vanquished Creatures (others)
  An ogre (D:3)
  An orc priest (D:3)
  Crazy Yiuf (D:2)
  An orc wizard (D:3)
  A gnoll (D:3)
  2 adders (D:3)
  2 worms (D:3)
  A giant cockroach (D:3)
  A goblin (D:3)
  A hobgoblin (D:3)
  A frilled lizard (D:3)
  3 kobolds (D:3)
  A rat (D:3)
  2 fungi
19 creatures vanquished.

Grand Total: 78 creatures vanquished

Notes
Turn   | Place    | Note
-------+----------+-------------------------------------------
     0 | D:1      | Masnef the Djinni Wanderer began the quest for the Orb.
     0 | D:1      | Reached XP level 1. HP: 15/15 MP: 0/0
   173 | D:1      | Reached XP level 2. HP: 21/21 MP: 0/0
   738 | D:1      | Reached XP level 3. HP: 19/25 MP: 0/0
   738 | D:1      | Learned a level 1 spell: Beastly Appendage
  1421 | D:1      | Reached skill level 1 in Dodging
  1702 | D:1      | Reached skill level 1 in Short Blades
  2185 | D:2      | Reached XP level 4. HP: 22/31 MP: 0/0
  2712 | D:2      | Found a runed translucent door.
  2713 | D:2      | Noticed Crazy Yiuf
  2763 | D:2      | Found a faded altar of an unknown god.
  2782 | D:2      | Prayed at the altar of an unknown god.
  2782 | D:2      | Became a worshipper of Jiyva Jeug the Shapeless
  2782 | D:2      | Reached * piety under Jiyva
  2869 | D:2      | Identified the +1 robe of Untruth {rCorr}
  3317 | D:2      | Killed Crazy Yiuf
  3389 | D:3      | Reached skill level 1 in Fighting
  3402 | D:3      | Found a snail-covered altar of Cheibriados.
  3446 | D:3      | Reached XP level 5. HP: 37/37 MP: 0/0
  3446 | D:3      | Learned a level 2 spell: Call Imp
  3446 | D:3      | Killed an ogre
  3452 | D:3      | Reached ** piety under Jiyva
  3471 | D:3      | Reached skill level 4 in Spellcasting
  3686 | D:3      | Found a white marble altar of Elyvilon.
  3743 | D:3      | Reached *** piety under Jiyva
  4107 | D:3      | Slain by an orc

Illustrated notes

Levels and vault maps discovered:
D:1:      evilmike_arrival_fibonacci_small, layout_basic
D:2:      layout_basic, ebering_ecumenical_altar_sacrificial,
          uniq_crazy_yiuf_cottage
D:3:      layout_loops_ring, mainiacjoe_overflow_boulevard, elyvilon_altar_4,
          amcnicky_mini_pool_small, minmay_close_crescents
D:4:      layout_basic, tgw_kikubaaqudgha, minmay_temple_entry_hall,
          grunt_ministairs_1, nrook_mini_vaults, guppyfry_early_orc_mine

Skill      XL: |  1  2  3  4  5 |
---------------+----------------+-----
Dodging        | 1 |  1.5
Short Blades   | 1 |  1.1
Fighting       | 1 |  1.3
Spellcasting   | 4 |  4.0
Stealth        | |  3.7
Invocations    | |  1.0

Action                   |  1- 3 |  4- 6 || total
-------------------------+-------+-------++-------
Melee: Dagger            |    45 |   131 ||   176
       Punch             |     1 |     2 ||     3
 Cast: Pain              |    41 |    26 ||    67
       Sting             |     1 |     6 ||     7
       Mephitic Cloud    |     1 |     1 ||     2
       Beastly Appendage |       |     1 ||     1
       Call Imp          |       |     1 ||     1
 Stab: Sleeping          |     8 |     2 ||    10
       Confused          |     1 |     1 ||     2
Armor: Robe              |    16 |    49 ||    65
Dodge: Dodged            |    33 |    73 ||   106
